 Dungeon Crawl Stone Soup version 0.29-a0-613-gf2c431b9b9 (webtiles) character file.

Game seed: 4369717189747916899

53 blackman the Sneak (level 4, -2/35 HPs)
             Began as a Human Delver on June 16, 2022.
             Slain by a jackal (3 damage)
             ... on level 4 of the Dungeon.
             The game lasted 00:06:20 (1350 turns).

blackman the Sneak (Human Delver)                   Turns: 1350, Time: 00:06:21

Health: -2/35      AC:  3    Str: 14    XL:     4   Next: 10%
Magic:  4/4        EV: 12    Int: 11    God:
Gold:   44         SH:  0    Dex: 20    Spells: 3/3 levels left

rFire   . . .      SeeInvis .   a - +0 hand axe
rCold   . . .      Faith    .   (no shield)
rNeg    . . .      Spirit   .   b - +0 leather armour
rPois   .          Reflect  .   (no helmet)
rElec   .          Harm     .   (no cloak)
rCorr   .          Rampage  .   (no gloves)
Will    .....                   (no boots)
Stlth   +++.......              (no amulet)
HPRegen 0.11/turn               l - +6 ring of dexterity
MPRegen 0.09/turn               (no ring)

@: flying
A: no striking features
a: no special abilities


You were on level 4 of the Dungeon.
You visited 1 branch of the dungeon, and saw 4 of its levels.

You collected 44 gold pieces.

Inventory:

Hand Weapons
 a - a +0 hand axe (weapon)
Armour
 b - a +0 leather armour (worn)
Jewellery
 l - a +6 ring of dexterity (left hand)
Wands
 g - a wand of digging (2)
Scrolls
 d - a scroll of magic mapping
 e - 2 scrolls of fear
 f - a scroll of noise {unknown}
 j - 2 scrolls of amnesia
 m - a scroll of identify {unknown}
Potions
 k - 2 potions of haste


   Skills:
 - Level 3.0 Fighting
 + Level 4.1 Axes
 - Level 2.0 Dodging
 - Level 5.0 Stealth


You had 3 spell levels left.
You didn't know any spells.
Your spell library contained the following spells:

 Spells                   Type           Power      Damage    Failure   Level
 Ensorcelled Hibernation  Hex/Ice        0%         N/A       56%         2
 Passwall                 Tmut/Erth      0%         N/A       56%         2
 Swiftness                Air            0%         N/A       80%         3


Dungeon Overview and Level Annotations

Branches:
Dungeon (5/15)             Temple (0/1) D:4

Altars:
Xom

Annotations:
D:3 3 runed translucent doors, valliere's ghost, amateur GnDe
D:4 Ijyb
D:5 Menkaure


Message History

The jackal is almost dead.
You closely miss the jackal. x2
The jackal bites you but does no damage.
The jackal bites you. The jackal barely misses you. The jackal misses you.
You closely miss the jackal.
The jackal is almost dead.
You hit the jackal. You hit the jackal but do no damage. The jackal bites you.
The jackal barely misses you. The jackal closely misses you.
The jackal bites you. x2; The jackal closely misses you.
You closely miss the jackal.
The jackal is almost dead.
You miss the jackal. You barely miss the jackal.
The jackal barely misses you. x2
The jackal bites you.
You closely miss the jackal.
The jackal is almost dead.
You hit the jackal but do no damage. You closely miss the jackal.
The jackal barely misses you. The jackal misses you.
The jackal bites you but does no damage. x2
The jackal bites you. x2
* * * LOW HITPOINT WARNING * * *
You hit the jackal but do no damage.
The jackal is almost dead.
You barely miss the jackal. You closely miss the jackal.
The jackal closely misses you. The jackal misses you. The jackal bites you.
* * * LOW HITPOINT WARNING * * *
You hit the jackal but do no damage.
The jackal is almost dead.
You hit the jackal but do no damage. You hit the jackal.
The jackal closely misses you. The jackal barely misses you.
The jackal misses you. The jackal bites you.
* * * LOW HITPOINT WARNING * * *
The jackal bites you but does no damage.
The jackal bites you.
* * * LOW HITPOINT WARNING * * *
It was a potion of flight.
You feel very buoyant.
You fly up into the air.
The jackal bites you.
* * * LOW HITPOINT WARNING * * *
The jackal bites you.
You die...

#.....# ..#
...##... ###...#
..# ...##... #...#
...# #'###... #...#
........ #...#
.......< #...###+##
.......W
#....'...g.........
##+###.......<.....
#.@.# .......##...
#....hhh# .....
#... #.......# ...
#s... #.......# .
#.... .....###+#
#.... ...§. #####
.§§.. ...§


You could see 3 jackals.

Vanquished Creatures
  2 adders
  A dart slug (D:4)
  4 orcs (D:3)
  2 giant cockroaches (D:3)
  3 goblins
  2 hobgoblins
  4 jackals
  A kobold (D:2)
  A quokka (D:3)
  A ball python (D:3)
  3 bats
  A frilled lizard (D:2)
  2 rats (D:3)
27 creatures vanquished.

Notes
Turn   | Place    | Note
-------+----------+-------------------------------------------
     0 | D:5      | blackman the Human Delver began the quest for the Orb.
     0 | D:5      | Reached XP level 1. HP: 18/18 MP: 1/1
    15 | D:5      | Noticed Menkaure
    15 | D:5      | Noticed a hound
    39 | D:5      | Noticed a phantom
    49 | D:5      | Noticed an ice beast
    51 | D:4      | Noticed a scorpion
   247 | D:3      | Noticed valliere's ghost (amateur GnDe)
   247 | D:3      | Found a runed translucent gate.
   247 | D:3      | Found a runed translucent gate.
   249 | D:3      | Reached XP level 2. HP: 24/24 MP: 2/2
   283 | D:3      | Reached XP level 3. HP: 10/29 MP: 3/3
   555 | D:3      | Found a runed translucent gate.
  1068 | D:4      | Found a shimmering altar of Xom.
  1095 | D:4      | Noticed a black bear
  1140 | D:4      | Reached XP level 4. HP: 20/35 MP: 4/4
  1333 | D:4      | Noticed Ijyb
  1336 | D:4      | Found a staircase to the Ecumenical Temple.
  1350 | D:4      | HP: 1/35 [jackal (2)]
  1350 | D:4      | Slain by a jackal

Illustrated notes

Levels and vault maps discovered:
D:2:      layout_basic, uniq_crazy_yiuf_cottage
D:3:      layout_loops_ring, gup_sewer_entry_bubbles, gammafunk_ghost_split,
          grunt_ministairs_5
D:4:      layout_gridville, lemuel_crystal_altar,
          minmay_temple_entry_purple_smoke, minmay_shop_damaged, uniq_eustachio,
          uniq_edmund, uniq_ijyb
D:5:      layout_gridville, mainiacjoe_overflow_chevrons, uniq_blork_the_orc,
          uniq_menkaure, uniq_duvessa

Skill      XL: |  1  2  3 |
---------------+----------+-----
Axes           | 3 4 |  4.1
Fighting       | |  3.0
Dodging        | |  2.0
Stealth        | |  5.0

Action                   |  1- 3 |  4- 6 || total
-------------------------+-------+-------++-------
Melee: Hand axe          |    92 |    15 ||   107
       Punch             |     1 |       ||     1
Evoke: Wand              |     1 |       ||     1
  Use: Potion            |     2 |     1 ||     3
       Scroll            |     1 |     1 ||     2
 Stab: Sleeping          |     2 |     1 ||     3
Armor: Leather armour    |    29 |     8 ||    37
Dodge: Dodged            |    67 |    32 ||    99

Table legend: (Time is in decaauts)
 A = Elapsed time spent in this place.
 B = Non-inter-level travel time spent in this place.
 C = Inter-level travel time spent in this place.
 D = Time resting spent in this place.
 E = Time spent auto-exploring this place.
 F = Levels seen in this place.
 G = Mean time per level.
                   A        B        C        D        E       F      G
               +--------+--------+--------+--------+--------+-----+--------+
         Total |   1343 |   1306 |     37 |    561 |    218 |   4 |  335.8 |
       Dungeon |   1343 |   1306 |     37 |    561 |    218 |   4 |  335.8 |
               +--------+--------+--------+--------+--------+-----+--------+

Top non-repeatable levels by time:
     D:3: 773 daAuts
     D:4: 354 daAuts
     D:2: 175 daAuts
     D:5: 39 daAuts
